 Dungeon Crawl Stone Soup version 0.30-a0-269-gf0224bf7b6 (webtiles) character file.

Game seed: 4823375040049670175

4 NinjaNoafa the Grasshopper (level 1, 18/18 HPs)
             Began as an Armataur Warper on Oct 14, 2022.
             Quit the game on level 1 of the Dungeon.
             The game lasted 00:01:00 (204 turns).

NinjaNoafa the Grasshopper (Armataur Warper)         Turns: 204, Time: 00:01:00

Health: 18/18      AC:  4    Str: 16    XL:     1   Next: 50%
Magic:  3/3        EV:  9    Int: 13    God:
Gold:   43         SH:  0    Dex:  9    Spells: 3/3 levels left

rFire   . . .      SeeInvis .      - Unarmed
rCold   . . .      Faith    .    (no shield)
rNeg    . . .      Spirit   .    a - +0 leather armour
rPois   .          Reflect  .    (no helmet)
rElec   .          Harm     .    (no cloak)
rCorr   .          Roll     +    (no gloves)
Will    .....                    (no barding)
Stlth   +.........               (no amulet)
HPRegen 0.23/turn                (no ring)
MPRegen 0.08/turn                (no ring)

@: no status effects
A: large, rugged brown scales 3, deformed body, armoured tail, roll, long
tongue, awkward tongue
a: no special abilities


You were on level 1 of the Dungeon.
You visited 1 branch of the dungeon, and saw 1 of its levels.

You collected 43 gold pieces.

Inventory:

Missiles
 c - 7 boomerangs of dispersal (quivered)
Armour
 a - a +0 leather armour (worn)
Scrolls
 b - a scroll of blinking


   Skills:
 - Level 1.7 Fighting
 - Level 0.8 Throwing
 - Level 1.2 Armour
 - Level 1.3 Dodging
 + Level 2.1 Unarmed Combat
 - Level 1.7 Spellcasting
 - Level 3.0 Translocations


You had 3 spell levels left.
You didn't know any spells.
Your spell library contained the following spells:

 Spells                   Type           Power      Damage    Failure   Level
 Blink                    Tloc           16%        N/A       14%         2
 Lesser Beckoning         Tloc           16%        N/A       28%         3
 Teleport Other           Tloc           8%         N/A       28%         3
 Cigotuvi's Dreadful Rot  Necr/Pois/Air  2%         N/A       43%         2
 Vhi's Electric Charge    Tloc/Air       10%        N/A       45%         3
 Manifold Assault         Tloc           8%         N/A       67%         4
 Dispel Undead            Necr           1%         3d6       97%         4
 Death Channel            Necr           0%         N/A       100%        6


Dungeon Overview and Level Annotations

Branches:
Dungeon (1/15)

Altars:


Innate Abilities, Weirdness & Mutations

You are completely covered in rugged brown scales. (AC +3, +7% HP)
Armour fits poorly on your strangely shaped body.
You have a long armoured tail.
You roll when moving toward enemies. (Rampage)
Your long tongue fully drains potion bottles. (2x potion effects)
Your tongue gives you trouble enunciating. (1.5x scroll delay)


Message History

The quokka bites you.
You closely miss the quokka.
The quokka is severely wounded.
The quokka closely misses you. The quokka misses you.
You hit the quokka but do no damage.
The quokka is severely wounded.
The quokka bites you but does no damage.
You miss the quokka.
The quokka is severely wounded.
The quokka closely misses you.
You closely miss the quokka. You punch the quokka.
You kill the quokka!
You see here a quokka corpse.
Found a stone staircase leading down.
You now have 11 gold pieces.
You now have 21 gold pieces (gained 10).
You pick up a book of Decay and begin reading...
You add the spells Cigotuvi's Dreadful Rot, Dispel Undead and Death Channel to your library.
Found a robe.
You see here a +0 robe.
You now have 29 gold pieces (gained 8).
You now have 43 gold pieces (gained 14).
A frilled lizard comes into view.
The frilled lizard hisses angrily.
You roll towards the frilled lizard!
You miss the frilled lizard. The frilled lizard bites you.
You barely miss the frilled lizard. The frilled lizard closely misses you.
You barely miss the frilled lizard.
The frilled lizard bites you but does no damage.
You closely miss the frilled lizard. The frilled lizard barely misses you.
You barely miss the frilled lizard. You tail-slap the frilled lizard.
You kill the frilled lizard!
A jackal comes into view.
The jackal barks!
A jackal comes into view.
Your movement speed is average.
Your attack delay is about 0.9.
Your damage rating with unarmed combat is about 5 (Base [3 + 2 (UC)] x 115% (Str) x 102% (Fight)).
You roll towards the jackal!
The jackal barks!
Are you sure you want to abandon this character and quit the game? (Confirm with "yes".)

≈≈.##### ...# ##
.. #### #... h
####...# #. .##
#....### #. ..#
..##...# #.# #.#
.....#.##. #.#
#h#
....##....##.#
#.#
###..........#
#@# #
#####..##.###.###
# #..##.......# #
#..##..###+##
#.##..# #.....#
#.###.# #..####
##.#


You could see 2 jackals.

Vanquished Creatures
  2 quokkas (D:1)
  A frilled lizard (D:1)
  A rat (D:1)
4 creatures vanquished.

Notes
Turn   | Place    | Note
-------+----------+-------------------------------------------
     0 | D:1      | NinjaNoafa the Armataur Warper began the quest for the Orb.
     0 | D:1      | Reached XP level 1. HP: 18/18 MP: 3/3
   204 | D:1      | Quit the game

Illustrated notes

Levels and vault maps discovered:
D:1:      lightli_arrival_lavapool, layout_rooms,
          shapermc_ecumenical_altar_flowoftime, st_stairs_11

Skill      XL: |  1 |
---------------+----+-----
Unarmed Combat | 2 |  2.1
Fighting       | |  1.7
Throwing       | |  0.8
Armour         | |  1.2
Dodging        | |  1.3
Spellcasting   | |  1.7
Translocations | |  3.0

Action                   || total
-------------------------++-------
Melee: Unarmed           ||    21
       Tailslap          ||     3
       Punch             ||     1
Armor: Leather armour    ||     4
Dodge: Dodged            ||    13

Table legend: (Time is in decaauts)
 A = Elapsed time spent in this place.
 B = Non-inter-level travel time spent in this place.
 C = Inter-level travel time spent in this place.
 D = Time resting spent in this place.
 E = Time spent auto-exploring this place.
 F = Levels seen in this place.
 G = Mean time per level.
                   A        B        C        D        E       F      G
               +--------+--------+--------+--------+--------+-----+--------+
         Total |    203 |    203 |      0 |      0 |    141 |   1 |  203.0 |
       Dungeon |    203 |    203 |      0 |      0 |    141 |   1 |  203.0 |
               +--------+--------+--------+--------+--------+-----+--------+

Top non-repeatable levels by time:
     D:1: 203 daAuts
